AoeStats
← RLF_jcat

Black Forest

506764329Analyzed
3v3 RM · 17d ago on Sep 15, 2026· 58m 11s· 6 players
Game mode
Random Map
Map size
Normal (6 player)
Population
200
Speed
Normal
Resources
Standard
Victory
Conquest
Starting age
Dark Age
Ending age
Imperial Age
RankedLock teamsTeams togetherTeam positionsShared explorationLock speedFull tech treeHidden civsTurbo modeCheats
Victory
Defeat
🇺🇸 Saracens · United States
1082
+20
🇺🇸 Slavs · United States
1068
+20
🇨🇦 Britons · Canada
1059
+20
🇺🇾 Franks · Uruguay
1165
-20
🇺🇾 Japanese · Uruguay
1165
-20
🇺🇾 Bohemians · Uruguay
1158
-20
RLF_jcat
0:30 Loom
16:09 Feudal Age
20:47 Castle Age
18:32 Horse Collar
19:18 Double-Bit Axe
23:33 Bow Saw
26:03 Gold Mining
27:27 Stone Mining
27:43 Fishing Lines
29:14 Gold Shaft Mining
29:32 Wheelbarrow
29:04 Gillnets
32:53 Imperial Age
31:09 Hand Cart
30:40 Town Watch
31:27 Treadmill Crane
31:58 Masonry
31:55 Padded Archer Armor
31:49 Fletching
32:08 Scale Barding Armor
32:31 Ballistics
33:05 Scale Mail Armor
33:21 Leather Archer Armor
35:17 Murder Holes
37:10 Chemistry
38:29 Conscription
38:41 Forging
38:28 Bodkin Arrow
38:35 Pikeman
42:08 Two-Man Saw
43:28 Squires
43:13 Arson
42:53 Elite Skirmisher
43:39 Thumb Ring
44:42 Iron Casting
44:22 Chain Mail Armor
44:38 Ring Archer Armor
44:08 Bracer
44:14 Caravan
50:33 Blast Furnace
49:53 Chain Barding Armor
50:04 Plate Mail Armor
49:01 Elite Mameluke
50:33 Heavy Plow
50:48 Onager
51:45 Siege Engineers
53:03 Counterweights
DreamMurders
1:55 Loom
13:31 Feudal Age
21:13 Castle Age
23:30 Double-Bit Axe
23:28 Horse Collar
25:13 Wheelbarrow
25:34 Bow Saw
25:16 Gold Mining
25:20 Stone Mining
27:09 Heavy Plow
27:18 Scale Mail Armor
31:06 Fletching
31:17 Padded Archer Armor
31:15 Elite Skirmisher
33:32 Hand Cart
33:04 Town Watch
34:16 Gold Shaft Mining
37:00 Imperial Age
35:20 Bodkin Arrow
35:53 Ballistics
37:16 Leather Archer Armor
37:27 Masonry
37:54 Bloodlines
38:11 Forging
38:18 Chain Mail Armor
38:09 Scale Barding Armor
38:12 Husbandry
37:32 Light Cavalry
39:32 Iron Casting
40:37 Two-Man Saw
43:00 Blast Furnace
42:21 Chain Barding Armor
42:32 Ring Archer Armor
41:26 Hussar
43:46 Detinets
44:07 Conscription
43:21 Cavalier
44:39 Plate Mail Armor
46:36 Druzhina
46:08 Crossbowman
47:11 Squires
46:34 Man-at-Arms
46:38 Pikeman
47:56 Plate Barding Armor
47:16 Long Swordsman
47:56 Halberdier
47:58 Two-Handed Swordsman
48:21 Elite Boyar
49:30 Capped Ram
49:37 Champion
50:49 Onager
52:23 Caravan
52:54 Coinage
52:51 Siege Onager
56:14 Hoardings
55:57 Siege Engineers
56:54 Chemistry
56:05 Fortified Wall
59:15 Banking
Britainique
0:31 Loom
13:47 Feudal Age
17:35 Castle Age
16:19 Double-Bit Axe
16:54 Horse Collar
19:12 Town Watch
26:44 Bow Saw
27:14 Wheelbarrow
26:51 Heavy Plow
28:16 Fletching
28:26 Padded Archer Armor
28:52 Hand Cart
29:16 Fortified Wall
29:56 Masonry
30:08 Ballistics
29:51 Bodkin Arrow
30:39 Crossbowman
32:18 Gold Mining
32:18 Stone Mining
35:00 Leather Archer Armor
40:48 Imperial Age
38:20 Town Patrol
39:20 Gold Shaft Mining
41:01 Murder Holes
40:55 Arbalester
41:42 Bracer
42:12 Ring Archer Armor
42:45 Chemistry
42:15 Architecture
43:00 Two-Man Saw
43:27 Yeomen
50:17 Caravan
Kimi
0:45 Loom
14:07 Feudal Age
18:48 Castle Age
18:32 Double-Bit Axe
23:39 Imperial Age
26:01 Chemistry
31:23 Padded Archer Armor
42:46 Wheelbarrow
43:06 Horse Collar
bolsofp
2:59 Loom
13:53 Feudal Age
18:55 Castle Age
18:21 Double-Bit Axe
21:10 Bow Saw
21:03 Gold Mining
21:35 Horse Collar
22:23 Scale Mail Armor
22:34 Forging
22:16 Fletching
23:10 Gold Shaft Mining
22:32 Stone Mining
26:14 Chain Mail Armor
26:43 Heavy Plow
27:54 Iron Casting
29:40 Fortified Wall
29:51 Ballistics
29:27 Murder Holes
33:29 Wheelbarrow
37:45 Imperial Age
40:18 Plate Mail Armor
40:48 Blast Furnace
39:44 Bodkin Arrow
40:14 Kataparuto
40:15 Conscription
40:31 Hoardings
39:17 Elite Samurai
39:25 Elite Samurai
40:29 Kataparuto
40:29 Conscription
40:45 Hoardings
42:18 Chemistry
43:11 Treadmill Crane
44:26 Elite Skirmisher
45:12 Thumb Ring
46:37 Hand Cart
47:38 Padded Archer Armor
47:39 Bracer
57:01 Two-Man Saw
carbonero
13:03 Feudal Age
12:00 Loom
17:12 Castle Age
15:47 Double-Bit Axe
16:34 Gold Mining
17:13 Stone Mining
18:57 Wheelbarrow
19:57 Bow Saw
23:24 Hand Cart
26:05 Gold Shaft Mining
25:32 Town Watch
27:04 Town Patrol
32:17 Imperial Age
31:43 Scale Barding Armor
31:49 Forging
31:54 Fortified Wall
32:23 Cavalier
33:04 Husbandry
35:36 Chemistry
34:42 Siege Engineers
34:36 Murder Holes
34:51 Masonry
35:16 Chain Barding Armor
35:31 Iron Casting
36:48 Conscription
37:31 Paladin
38:50 Plate Barding Armor
39:15 Blast Furnace
44:00 Elite Skirmisher
44:45 Padded Archer Armor
44:35 Fletching
48:46 Leather Archer Armor
48:26 Bodkin Arrow
Connection lost

Rejoining the realm…

Still unreachable

The connection could not be restored.

Session expired

The server has moved on; the page needs a fresh start.